 Dungeon Crawl Stone Soup version 0.21-a0-78-g82a99e0 (webtiles) character file.

28 4thArraOfDagon the Caller (level 2, 0/11 HPs)
             Began as a Felid Summoner on June 21, 2017.
             Succumbed to an adder's poison
             ... on level 4 of the Dungeon.
             The game lasted 00:02:52 (511 turns).

4thArraOfDagon the Caller (Felid Summoner)           Turns: 511, Time: 00:02:53

Health: 0/11       AC:  1    Str:  4    XL:     2   Next: 96%
Magic:  6/6        EV: 18    Int: 16    God:
Gold:   87         SH:  0    Dex: 16    Spells: 4/5 levels left
                                        Lives:  0   Deaths: 0

rFire    . . .     SeeInvis +     - Unarmed
rCold    . . .     Gourm    .   (shield unavailable)
rNeg     . . .     Faith    .   (armour unavailable)
rPois    .         Spirit   .   (helmet unavailable)
rElec    .         Reflect  .   (cloak unavailable)
rCorr    .         Harm     .   (gloves unavailable)
MR       .....                  (boots unavailable)
Stlth    +++.......             f - amulet of rage
HPRegen  0.03/turn              (no ring)
MPRegen  0.10/turn              (no ring)

@: lethally poisoned (0 -> -2), berserk cooldown, very slightly contaminated,
slowed, invisible, slow
A: no armour, no weapons or thrown items, stealth, claws 1, fangs 3, see
invisible, carnivore 3, speed 1, shaggy fur 1, slow metabolism 1, sharp paws
a: Evoke Berserk Rage


You were on level 4 of the Dungeon.
You were full.

You visited 1 branch of the dungeon, and saw 4 of its levels.

You collected 87 gold pieces.

Inventory:

Jewellery
 f - an amulet of rage (around neck)
Scrolls
 c - a scroll of remove curse {unknown}
 e - a scroll of immolation {unknown}
Books
 a - a book of Callings

   Spells                             Type                      Level
   a - Summon Small Mammal            Summoning                    1
   b - Call Imp                       Summoning                    2
   c - Call Canine Familiar           Summoning                    3
   d - Summon Guardian Golem          Hexes/Summoning              3
   e - Summon Lightning Spire         Summoning/Air                4
   f - Summon Ice Beast               Ice/Summoning                4
Comestibles
 b - a meat ration


   Skills:
 - Level 3.0 Dodging
 - Level 3.0 Stealth
 * Level 1.6 Unarmed Combat
 - Level 2.0 Spellcasting
 - Level 4.0 Summonings
 * Level 1.4 Evocations


You had 4 spell levels left.
You knew the following spells:

 Your Spells              Type           Power        Failure   Level  Hunger
a - Summon Small Mammal   Summ           ##..         4%          1    #......


Dungeon Overview and Level Annotations

Branches:
Dungeon (4/15)
 Temple: D:4-7

Altars:
Dithmenos
Sif Muna
Uskayaw
Wu Jian


Innate Abilities, Weirdness & Mutations

You cannot wear armour.
You are incapable of wielding weapons or throwing items.
Your paws allow you to move quietly. (Stealth)
You have sharp claws.
You have razor-sharp teeth.
You have supernaturally acute eyesight. (SInv)
You are carnivorous and can eat meat at any time.
You cover ground quickly.
You are covered in fur. (AC +1)
You have a slow metabolism.
Your sharp claws are effective at attacking unaware monsters.


Message History

You are exhausted.
You feel yourself slow down.
* * * LOW HITPOINT WARNING * * *
You feel sick.
There is a stone staircase leading down here.
Unknown command.
You climb downwards.
* * * LOW HITPOINT WARNING * * *
You feel sick.
There is a stone staircase leading up here.
Unknown command.
It was a potion of invisibility.
You fade into invisibility!
You are very lightly contaminated with residual magic.
* * * LOW HITPOINT WARNING * * *
You feel sick.
There is a lethal amount of poison in your body!
Unknown command.
Unknown command.
You die...

###
##.#
##@##
#<##
#..##
##.
#. #.
#. #.
#.


There were no monsters in sight!

Vanquished Creatures
  An adder (D:3)
  A worm (D:3)
  A leopard gecko (D:3)
  A goblin (D:1)
  3 hobgoblins
  A bat (D:1)
  A frilled lizard (D:2)
  2 kobolds (D:3)
  2 rats (D:2)
13 creatures vanquished.

Vanquished Creatures (collateral kills)
  A hobgoblin (D:1)
  2 kobolds
  3 rats
6 creatures vanquished.

Grand Total: 19 creatures vanquished

Notes
Turn   | Place    | Note
-------+----------+-------------------------------------------
     0 | D:1      | 4thArraOfDagon the Felid Summoner began the quest for the Orb.
     0 | D:1      | Reached XP level 1. HP: 7/7 MP: 4/4
   110 | D:1      | Reached skill level 1 in Unarmed Combat
   170 | D:2      | Reached XP level 2. HP: 2/11 MP: 6/6
   245 | D:3      | Found an ornate altar of the Wu Jian Council.
   245 | D:3      | Found a hide-covered altar of Uskayaw.
   245 | D:3      | Found a shadowy altar of Dithmenos.
   375 | D:3      | Found a deep blue altar of Sif Muna.
   498 | D:3      | Reached skill level 1 in Evocations
   511 | D:4      | Succumbed to an adder's poison

Vault maps used:
D:1:      lemuel_arrival_room, minmay_misc_feat_diagonals
D:2:      nicolae_underground_beach
D:3:      old_standard_altar, nicolae_overflow_hidden_temple
D:4:      cheibrodos_old_hovel, old_standard_altar,
          minmay_temple_entry_large_hall, uniq_edmund, uniq_robin

Skill      XL: |  1  2 |
---------------+-------+-----
Unarmed Combat | 1 |  1.6
Dodging        | 3 |  3.0
Stealth        | 3 |  3.0
Evocations     | 1 |  1.4
Spellcasting   | |  2.0
Summonings     | |  4.0

Action                   || total
-------------------------++-------
Melee: Unarmed           ||    41
       Bite              ||     3
 Cast: Summon Small Mamm ||     7
 Abil: Evoke Berserk Rag ||     2
  Use: Potion            ||     1
 Stab: Sleeping          ||     5
  Eat: Chunk             ||     5
Dodge: Dodged            ||    26
